 Dungeon Crawl Stone Soup version 0.31.0-12-g77e489cdc1 (webtiles) character file.

Game seed: 13047326146920028994

591 Doomgape the Ruffian (level 7, -18/71 HPs)
             Began as a Troll Fighter on Feb 21, 2024.
             Demolished by a two-headed ogre
             ... wielding a +0 giant club
              (27 damage)
             ... on level 5 of the Dungeon.
             The game lasted 00:08:53 (3645 turns).

Doomgape the Ruffian (Troll Fighter)                Turns: 3645, Time: 00:08:54

Health: -18/71     AC:  4    Str: 27    XL:     7   Next: 16%
Magic:  6/6        EV:  9    Int:  4    God:
Gold:   245        SH:  7    Dex:  9    Spells: 6/6 levels left

rFire   . .          .
                       - Unarmed
rCold   . . .        b - +0 kite shield
rNeg    . . .        a - +0 robe
rPois   .            (helmet restricted)
rElec   .            (no cloak)
rCorr   .            (gloves unavailable)
SInv    .            (boots unavailable)
Will    .....        (no amulet)
Stlth   +            (no ring)
HPRegen 1.11/turn    (no ring)
MPRegen 0.10/turn

%: no passive effects
@: no status effects
A: large, unfitting armour, claws 3, regeneration 1, shaggy fur 1, tough skin 1
a: no special abilities


You were on level 5 of the Dungeon.
You visited 1 branch of the dungeon, and saw 5 of its levels.

You collected 245 gold pieces.

Inventory:

Missiles
 l - 3 javelins
 n - a throwing net (quivered)
Armour
 a - a +0 robe (worn)
 b - a +0 kite shield (worn)
Jewellery
 e - a ring of flight
 m - a +6 ring of dexterity
 p - a +4 ring of slaying
Wands
 f - a wand of polymorph (5)
Scrolls
 d - 2 scrolls of teleportation
 g - a scroll of amnesia
 i - 4 scrolls of identify
 j - a scroll of fog
 r - a scroll of summoning
Potions
 c - a potion of might
 h - 2 potions of cancellation
 k - 2 potions of attraction
 o - 3 potions of ambrosia
 q - a potion of invisibility
 u - a potion of enlightenment
 v - a potion of haste
 w - a potion of lignification


   Skills:
 + Level 4.3 Fighting
 + Level 4.3 Dodging
 - Level 3.0 Shields
 + Level 4.6 Unarmed Combat


You had 6 spell levels left.
You didn't know any spells.
Your spell library was empty.

Dungeon Overview and Level Annotations

Branches:
Dungeon (5/15)
 Temple: D:4-7

Altars:

Shops:
D:2 ?((*=


Innate Abilities, Weirdness & Mutations

You are too large for most types of armour.
You have claws for hands.
Your natural rate of healing is unusually fast.
You are covered in fur. (AC +1)
You have tough skin. (AC +1)


Message History

o - 3 potions of ambrosia
As you read the scroll of identify, it crumbles to dust.
q - a potion of invisibility
As you read the scroll of identify, it crumbles to dust.
u - a potion of enlightenment
As you read the scroll of identify, it crumbles to dust.
v - a potion of haste
As you read the scroll of identify, it crumbles to dust.
w - a potion of lignification A two-headed ogre comes into view.
It is wielding a +0 giant club and a +0 giant spiked club.
The two-headed ogre shouts in stereo!
You hear a shout!
You hear an angry growl.
Found a robe.
You scratch the two-headed ogre.
The two-headed ogre is lightly wounded.
The two-headed ogre barely misses you.
The two-headed ogre hits you with a +0 giant spiked club!!
You barely miss the two-headed ogre.
The two-headed ogre is lightly wounded.
You scratch the two-headed ogre but do no damage.
The two-headed ogre is lightly wounded.
You block the two-headed ogre's attack.
The two-headed ogre hits you with a +0 giant spiked club.
You scratch the two-headed ogre but do no damage.
The two-headed ogre is lightly wounded.
You block the two-headed ogre's attack.
The two-headed ogre hits you with a +0 giant spiked club!!
* * * LOW HITPOINT WARNING * * *
You claw the two-headed ogre!
The two-headed ogre is moderately wounded.
You scratch the two-headed ogre.
The two-headed ogre is moderately wounded.
The two-headed ogre completely misses you.
The two-headed ogre closely misses you.
You barely miss the two-headed ogre.
The two-headed ogre is moderately wounded.
The two-headed ogre hits you with a +0 giant club!
* * * LOW HITPOINT WARNING * * *
The two-headed ogre hits you with a +0 giant spiked club!!
You die...

#.#.###...#......
#.......).#..####
#.........#.....#
#......#..##.#...
#......#.....#..#
#......#.....#..#
##.#'##.#.#......#
*****#.........#......#
**,,,,#@..###...#..#..##
#.....O...'.....#..##...
#.##.##...#####.#..####.
*,*#,*.....[....#..####.
*,**,#....###...#.......
*,**,#....# #...#.######
*,**,..#### #...#......#
*,**,..* #...######.#
**,,*,*,######...###.....


You could see a two-headed ogre.

Vanquished Creatures
  A centaur (D:5)
  A phantom (D:5)
  2 scorpions (D:5)
  A bombardier beetle (D:5)
  A hound (D:4)
  An orc priest (D:5)
  2 sleepcaps
  An iguana (D:5)
  A gnoll (D:1)
  6 adders
  A ribbon worm (D:3)
  A dart slug (D:2)
  5 orcs
  7 endoplasms
  4 giant cockroaches
  3 goblins
  6 hobgoblins
  2 jackals (D:1)
  5 quokkas
  6 ball pythons
  3 bats
  2 frilled lizards
  13 kobolds
  5 rats
80 creatures vanquished.

Notes
Turn   | Place    | Note
-------+----------+-------------------------------------------
     0 | D:1      | Doomgape the Troll Fighter began the quest for the Orb.
     0 | D:1      | Reached XP level 1. HP: 22/22 MP: 0/0
   265 | D:1      | Reached XP level 2. HP: 29/29 MP: 1/1
   637 | D:1      | Reached XP level 3. HP: 36/36 MP: 2/2
   838 | D:2      | Found Obesm's Assorted Antiques.
   880 | D:2      | Found Sugoiq's Antique Weapon Emporium.
   926 | D:2      | Found Durizaic's Jewellery Shop.
  1028 | D:2      | Found Cuish's Antique Weapon Shop.
  1142 | D:2      | Found Ditusah's Magic Scroll Shoppe.
  1214 | D:2      | Found a faded altar of an unknown god.
  1762 | D:3      | Reached XP level 4. HP: 45/45 MP: 3/3
  2147 | D:4      | Reached XP level 5. HP: 35/53 MP: 4/4
  2769 | D:5      | Entered Level 5 of the Dungeon
  3147 | D:5      | Reached XP level 6. HP: 28/62 MP: 5/5
  3477 | D:5      | Reached XP level 7. HP: 61/70 MP: 6/6
  3637 | D:5      | Noticed a two-headed ogre
  3645 | D:5      | Demolished by a two-headed ogre

Illustrated notes

Levels and vault maps discovered:
D:1:      zelgadis_glass_arrival_small, layout_basic
D:2:      layout_basic, serial_shops, nicolae_shop_tiny_glass,
          nicolae_shop_getting_attention, shop, nicolae_shop_gibbet_a_chance,
          shop, shapermc_ecumenical_altar_mp_urbaneastern
D:3:      layout_loops_ring
D:4:      layout_cave_pools
D:5:      layout_basic, gammafunk_ghost_smash, minmay_manual_monolith

Skill      XL: |  1  2  3  4  5  6 |
---------------+-------------------+-----
Shields        | 3 |  3.0
Fighting       | 3 4 |  4.3
Dodging        | 3 4 |  4.3
Unarmed Combat | 3 4 |  4.6

Action                     |  1- 3 |  4- 6 |  7- 9 || total
---------------------------+-------+-------+-------++-------
  Melee: Unarmed           |   113 |   122 |    24 ||   259
    Use: Scroll            |       |    12 |     6 ||    18
   Stab: Sleeping          |     1 |       |       ||     1
 Armour: Robe              |    55 |    83 |    14 ||   152
  Dodge: Dodged            |    27 |    43 |     7 ||    77
  Block: Kite shield       |    36 |    51 |     8 ||    95
